[ AOE2 MATCH · #475436424 ]
Team RMMapuche vs Teutons
[ REPLAY ANALYSIS · EXTRACTED FROM THE RECORDED GAME ]
Feudal
9:52
Castle
15:38
Imperial
39:04
| APM avg | 27.4 |
| APM peak | 65 |
| eAPM avg | 14.0 |
| Villagers / military | 92 / 36 |
Focus
⚔️ 19.4% · 🌾 80.6%
Spearman ×19 · Kona ×8 · Monk ×8 · Unknown (2550) ×3 · Mangonel ×1
Feudal
10:35
Castle
18:15
Imperial
38:06
| APM avg | 59.7 |
| APM peak | 164 |
| eAPM avg | 27.4 |
| Villagers / military | 204 / 69 |
Focus
⚔️ 30.8% · 🌾 69.2%
Archer ×35 · Camel Scout ×22 · Scout Cavalry ×8 · Monk ×3 · Militia ×1
Feudal
11:09
Castle
17:34
Imperial
37:51
| APM avg | 24.9 |
| APM peak | 60 |
| eAPM avg | 15.7 |
| Villagers / military | 109 / 143 |
Focus
⚔️ 32.6% · 🌾 67.4%
Spearman ×57 · Scout Cavalry ×51 · Knight ×21 · Battering Ram ×8 · Militia ×3 · Mangonel ×2
Feudal
11:21
Castle
15:22
Imperial
33:42
| APM avg | 20.0 |
| APM peak | 45 |
| eAPM avg | 14.1 |
| Villagers / military | 78 / 57 |
Focus
⚔️ 26.2% · 🌾 73.8%
Teutonic Knight ×23 · Skirmisher ×17 · Battering Ram ×10 · Trebuchet (Packed) ×4 · Mangonel ×3
Match map
Resources at game start + every placement click. Thick line = wall · dashed box = detected house wall. 🟡 gold · ⚪ stone · 🟢 berries · 🔶 boar · ⭕ relic
Inputs per minute
— Nerdyx - - carc90
Build order — Nerdyx
First 150 of 256 actions detected
| 0:01 | Create | Villager (Male) |
| 0:01 | Create | Villager (Male) |
| 0:02 | Build | House |
| 0:03 | Build | House |
| 0:22 | Create | Villager (Male) |
| 0:52 | Create | Villager (Male) |
| 0:53 | Create | Villager (Male) |
| 1:26 | Create | Villager (Male) |
| 1:26 | Create | Villager (Male) |
| 1:54 | Build | Settlement |
| 2:05 | Create | Villager (Male) |
| 2:20 | Create | Villager (Male) |
| 2:46 | Create | Villager (Male) |
| 2:47 | Create | Villager (Male) |
| 3:24 | Create | Villager (Male) |
| 3:24 | Create | Villager (Male) |
| 3:51 | Create | Villager (Male) |
| 3:52 | Create | Villager (Male) |
| 3:52 | Create | Villager (Male) |
| 4:17 | Create | Villager (Male) |
| 4:18 | Create | Villager (Male) |
| 4:39 | Create | Villager (Male) |
| 4:56 | Create | Villager (Male) |
| 5:14 | Build | Settlement |
| 5:40 | Create | Villager (Male) |
| 6:00 | Create | Villager (Male) |
| 6:00 | Create | Villager (Male) |
| 7:02 | Create | Villager (Male) |
| 7:02 | Create | Villager (Male) |
| 7:37 | Build | Settlement |
| 7:41 | Research | Feudal Age |
| 7:41 | Research | Feudal Age |
| 8:27 | Create | Villager (Male) |
| 9:16 | Create | Villager (Male) |
| 9:52 | Age | Feudal Age |
| 9:53 | Research | Double-Bit Axe |
| 10:28 | Build | House |
| 10:30 | Build | Market |
| 10:34 | Create | Villager (Male) |
| 10:57 | Create | Villager (Male) |
| 11:04 | Build | Blacksmith |
| 11:30 | Create | Villager (Male) |
| 11:35 | Research | Horse Collar |
| 11:41 | Build | Farm |
| 11:51 | Build | Farm |
| 11:53 | Build | Farm |
| 11:55 | Create | Villager (Male) |
| 11:59 | Build | Farm |
| 12:22 | Create | Villager (Male) |
| 12:29 | Build | Settlement |
| 12:41 | Build | Farm |
| 12:55 | Research | Loom |
| 12:58 | Research | Castle Age |
| 13:02 | Research | Loom |
| 13:40 | Build | Farm |
| 13:52 | Build | Barracks |
| 14:26 | Research | Stone Mining |
| 14:37 | Research | Gold Mining |
| 14:41 | Build | House |
| 15:17 | Create | Villager (Male) |
| 15:30 | Create | Spearman |
| 15:31 | Build | House |
| 15:38 | Create | Spearman |
| 15:38 | Age | Castle Age |
| 16:05 | Build | Farm |
| 16:08 | Build | Farm |
| 16:11 | Create | Villager (Male) |
| 16:57 | Create | Villager (Male) |
| 17:28 | Build | Castle |
| 17:36 | Research | Fletching |
| 17:37 | Create | Villager (Male) |
| 17:37 | Create | Villager (Male) |
| 17:41 | Build | Farm |
| 17:43 | Build | Farm |
| 17:46 | Build | Farm |
| 18:01 | Research | Bow Saw |
| 18:01 | Research | Bow Saw |
| 18:01 | Research | Bow Saw |
| 18:38 | Create | Spearman |
| 18:42 | Build | House |
| 18:50 | Build | House |
| 18:53 | Build | House |
| 19:17 | Create | Villager (Male) |
| 19:18 | Create | Villager (Male) |
| 19:39 | Create | Villager (Male) |
| 19:46 | Build | Monastery |
| 20:12 | Create | Villager (Male) |
| 20:13 | Create | Villager (Male) |
| 20:23 | Create | Monk |
| 20:42 | Create | Villager (Male) |
| 20:57 | Build | Town Center |
| 21:06 | Build | Town Center |
| 21:08 | Create | Villager (Male) |
| 21:15 | Build | Farm |
| 21:16 | Build | Farm |
| 21:18 | Create | Monk |
| 21:28 | Research | Fervor |
| 21:38 | Build | Outpost |
| 21:57 | Research | Bodkin Arrow |
| 21:58 | Create | Villager (Male) |
| 22:24 | Create | Kona |
| 22:24 | Create | Kona |
| 22:26 | Create | Unit 2550 |
| 22:27 | Create | Unit 2550 |
| 22:36 | Build | Outpost |
| 22:56 | Create | Kona |
| 22:56 | Create | Kona |
| 23:26 | Create | Kona |
| 23:31 | Build | Siege Workshop |
| 23:44 | Create | Kona |
| 23:48 | Research | Tech 1402 |
| 24:13 | Create | Unit 2550 |
| 24:17 | Create | Kona |
| 24:17 | Create | Kona |
| 24:44 | Create | Villager (Male) |
| 24:44 | Create | Villager (Male) |
| 24:44 | Create | Villager (Male) |
| 24:46 | Create | Villager (Male) |
| 24:46 | Create | Villager (Male) |
| 24:46 | Create | Villager (Male) |
| 25:50 | Create | Villager (Male) |
| 25:50 | Create | Villager (Male) |
| 26:02 | Build | Farm |
| 26:15 | Build | Castle |
| 26:18 | Create | Villager (Male) |
| 26:44 | Create | Spearman |
| 26:45 | Create | Spearman |
| 26:51 | Build | House |
| 26:53 | Build | House |
| 27:04 | Build | House |
| 27:08 | Build | Palisade Wall |
| 27:22 | Create | Villager (Male) |
| 27:22 | Create | Villager (Male) |
| 27:22 | Create | Villager (Male) |
| 27:23 | Create | Villager (Male) |
| 27:23 | Create | Villager (Male) |
| 27:51 | Research | Scale Mail Armor |
| 27:55 | Create | Villager (Male) |
| 28:13 | Build | Siege Workshop |
| 28:17 | Create | Villager (Male) |
| 28:17 | Create | Villager (Male) |
| 28:21 | Build | Farm |
| 28:23 | Build | Farm |
| 28:25 | Build | Farm |
| 28:29 | Build | Farm |
| 28:31 | Build | Farm |
| 28:32 | Build | Farm |
| 28:37 | Create | Villager (Male) |
| 28:38 | Create | Villager (Male) |
| 28:46 | Build | Farm |
Build order — carc90
First 150 of 428 actions detected
| 0:02 | Build | House |
| 0:04 | Build | House |
| 0:04 | Create | Villager (Male) |
| 0:05 | Create | Villager (Male) |
| 0:05 | Create | Villager (Male) |
| 0:05 | Create | Villager (Male) |
| 1:37 | Build | Lumber Camp |
| 1:38 | Create | Villager (Male) |
| 1:38 | Create | Villager (Male) |
| 2:06 | Create | Villager (Male) |
| 2:07 | Create | Villager (Male) |
| 2:31 | Create | Villager (Male) |
| 2:31 | Create | Villager (Male) |
| 3:00 | Create | Villager (Male) |
| 3:16 | Create | Villager (Male) |
| 3:47 | Build | Palisade Gate |
| 3:52 | Build | Building 796 |
| 4:04 | Build | Palisade Gate |
| 4:06 | Build | House |
| 4:20 | Create | Villager (Male) |
| 4:20 | Create | Villager (Male) |
| 4:30 | Create | Villager (Male) |
| 4:30 | Create | Villager (Male) |
| 4:30 | Create | Villager (Male) |
| 4:38 | Create | Villager (Male) |
| 4:38 | Create | Villager (Male) |
| 5:26 | Create | Villager (Male) |
| 5:31 | Build | Mill |
| 5:40 | Create | Villager (Male) |
| 6:33 | Create | Villager (Male) |
| 6:53 | Create | Villager (Male) |
| 6:57 | Create | Villager (Male) |
| 7:03 | Build | House |
| 7:03 | Create | Villager (Male) |
| 7:32 | Research | Loom |
| 8:00 | Create | Villager (Male) |
| 8:06 | Research | Feudal Age |
| 8:22 | Create | Villager (Male) |
| 8:45 | Build | Lumber Camp |
| 9:20 | Build | House |
| 9:27 | Create | Villager (Male) |
| 10:02 | Build | Barracks |
| 10:03 | Create | Villager (Male) |
| 10:34 | Build | Mining Camp |
| 10:35 | Age | Feudal Age |
| 10:35 | Create | Villager (Male) |
| 10:56 | Build | Barracks |
| 10:57 | Create | Villager (Male) |
| 10:59 | Build | Farm |
| 11:17 | Build | Farm |
| 11:26 | Create | Villager (Male) |
| 11:30 | Build | Farm |
| 11:38 | Build | Farm |
| 11:48 | Build | Blacksmith |
| 11:48 | Create | Villager (Male) |
| 11:56 | Create | Villager (Male) |
| 11:58 | Build | Farm |
| 12:21 | Build | Farm |
| 12:32 | Create | Villager (Male) |
| 12:41 | Create | Villager (Male) |
| 12:50 | Create | Villager (Male) |
| 12:56 | Build | Farm |
| 13:03 | Build | House |
| 13:04 | Create | Villager (Male) |
| 13:10 | Build | Farm |
| 13:30 | Build | Farm |
| 13:36 | Build | Farm |
| 13:41 | Build | Farm |
| 13:42 | Create | Villager (Male) |
| 13:51 | Create | Villager (Male) |
| 13:55 | Create | Villager (Male) |
| 13:58 | Build | Farm |
| 14:06 | Research | Double-Bit Axe |
| 14:10 | Research | Horse Collar |
| 14:11 | Create | Villager (Male) |
| 14:20 | Create | Villager (Male) |
| 14:34 | Build | Stable |
| 14:34 | Create | Villager (Male) |
| 14:37 | Build | Farm |
| 14:42 | Create | Villager (Male) |
| 14:53 | Create | Villager (Male) |
| 15:00 | Build | Farm |
| 15:09 | Create | Villager (Male) |
| 15:35 | Research | Castle Age |
| 15:36 | Create | Scout Cavalry |
| 15:36 | Create | Scout Cavalry |
| 15:37 | Create | Villager (Male) |
| 15:41 | Build | House |
| 15:43 | Build | House |
| 16:03 | Create | Villager (Male) |
| 16:16 | Create | Scout Cavalry |
| 16:17 | Create | Villager (Male) |
| 16:34 | Create | Scout Cavalry |
| 16:35 | Create | Villager (Male) |
| 16:37 | Create | Villager (Male) |
| 16:40 | Build | House |
| 16:48 | Create | Militia |
| 17:12 | Create | Villager (Male) |
| 17:15 | Build | Farm |
| 17:16 | Create | Villager (Male) |
| 17:39 | Create | Villager (Male) |
| 17:39 | Create | Scout Cavalry |
| 17:53 | Create | Villager (Male) |
| 18:12 | Create | Villager (Male) |
| 18:15 | Age | Castle Age |
| 18:19 | Create | Villager (Male) |
| 18:23 | Build | Monastery |
| 18:25 | Create | Villager (Male) |
| 18:30 | Build | Town Center |
| 18:39 | Research | Bloodlines |
| 19:27 | Create | Camel Scout |
| 19:28 | Create | Camel Scout |
| 19:29 | Create | Villager (Male) |
| 19:45 | Create | Villager (Male) |
| 19:55 | Build | Stable |
| 19:59 | Research | Scale Barding Armor |
| 20:04 | Create | Villager (Male) |
| 20:05 | Create | Villager (Male) |
| 20:10 | Create | Villager (Male) |
| 20:10 | Create | Villager (Male) |
| 20:36 | Create | Villager (Male) |
| 20:36 | Create | Villager (Male) |
| 20:41 | Research | Double-Bit Axe |
| 20:42 | Create | Villager (Male) |
| 20:42 | Create | Villager (Male) |
| 20:47 | Build | Farm |
| 20:48 | Build | Farm |
| 20:54 | Create | Camel Scout |
| 20:54 | Create | Camel Scout |
| 20:54 | Create | Camel Scout |
| 21:12 | Create | Villager (Male) |
| 21:13 | Create | Camel Scout |
| 21:13 | Create | Camel Scout |
| 21:20 | Create | Villager (Male) |
| 21:22 | Build | Farm |
| 21:30 | Create | Villager (Male) |
| 21:30 | Create | Villager (Male) |
| 21:34 | Create | Villager (Male) |
| 21:34 | Create | Villager (Male) |
| 21:39 | Research | Horse Collar |
| 22:08 | Create | Camel Scout |
| 22:08 | Create | Camel Scout |
| 22:08 | Create | Camel Scout |
| 22:09 | Create | Villager (Male) |
| 22:12 | Build | House |
| 22:14 | Build | House |
| 22:16 | Create | Villager (Male) |
| 22:16 | Create | Villager (Male) |
| 22:29 | Create | Villager (Male) |
| 22:40 | Create | Villager (Male) |
Build order — gdanelutti87
First 150 of 367 actions detected
| 0:01 | Create | Villager (Male) |
| 0:03 | Build | House |
| 0:06 | Build | House |
| 0:17 | Create | Villager (Male) |
| 0:17 | Create | Villager (Male) |
| 0:17 | Create | Villager (Male) |
| 0:18 | Create | Villager (Male) |
| 1:28 | Create | Villager (Male) |
| 1:53 | Build | Lumber Camp |
| 2:11 | Create | Villager (Male) |
| 2:30 | Create | Villager (Male) |
| 2:54 | Create | Villager (Male) |
| 3:14 | Create | Villager (Male) |
| 4:09 | Create | Villager (Male) |
| 4:09 | Create | Villager (Male) |
| 4:09 | Create | Villager (Male) |
| 4:10 | Create | Villager (Male) |
| 4:29 | Build | House |
| 5:02 | Create | Villager (Male) |
| 5:35 | Build | Mill |
| 5:36 | Create | Villager (Male) |
| 5:41 | Create | Villager (Male) |
| 5:47 | Create | Villager (Male) |
| 5:54 | Create | Villager (Male) |
| 6:19 | Create | Villager (Male) |
| 6:26 | Create | Villager (Male) |
| 6:26 | Create | Villager (Male) |
| 6:30 | Create | Villager (Male) |
| 6:35 | Build | House |
| 7:23 | Build | House |
| 7:25 | Create | Villager (Male) |
| 7:40 | Build | Mill |
| 7:42 | Create | Villager (Male) |
| 8:07 | Create | Villager (Male) |
| 8:18 | Build | Farm |
| 8:19 | Build | Farm |
| 8:21 | Build | Farm |
| 8:25 | Build | Farm |
| 8:52 | Research | Feudal Age |
| 9:12 | Build | Mining Camp |
| 9:29 | Create | Villager (Male) |
| 9:39 | Create | Villager (Male) |
| 9:58 | Build | House |
| 10:00 | Build | House |
| 10:41 | Research | Loom |
| 10:42 | Create | Villager (Male) |
| 10:43 | Create | Villager (Male) |
| 11:02 | Build | Outpost |
| 11:09 | Age | Feudal Age |
| 11:09 | Create | Villager (Male) |
| 11:12 | Research | Double-Bit Axe |
| 11:20 | Create | Villager (Male) |
| 11:47 | Create | Villager (Male) |
| 11:54 | Research | Horse Collar |
| 12:02 | Build | Farm |
| 12:05 | Create | Villager (Male) |
| 12:14 | Build | Outpost |
| 12:27 | Create | Villager (Male) |
| 12:56 | Build | Farm |
| 12:57 | Create | Villager (Male) |
| 13:19 | Build | Market |
| 13:22 | Build | Farm |
| 13:30 | Create | Villager (Male) |
| 13:33 | Create | Villager (Male) |
| 13:39 | Build | Farm |
| 13:40 | Build | Farm |
| 13:41 | Build | Farm |
| 13:43 | Build | Farm |
| 14:10 | Build | Farm |
| 14:15 | Build | Outpost |
| 14:53 | Research | Castle Age |
| 15:15 | Build | Stable |
| 15:32 | Build | House |
| 15:33 | Build | House |
| 15:49 | Create | Villager (Male) |
| 15:49 | Create | Villager (Male) |
| 15:50 | Create | Villager (Male) |
| 17:01 | Create | Villager (Male) |
| 17:34 | Age | Castle Age |
| 17:39 | Build | Siege Workshop |
| 17:40 | Create | Knight |
| 17:41 | Create | Knight |
| 17:42 | Create | Knight |
| 17:42 | Create | Knight |
| 17:44 | Create | Knight |
| 17:45 | Research | Bloodlines |
| 17:46 | Create | Villager (Male) |
| 18:51 | Create | Scout Cavalry |
| 19:04 | Create | Villager (Male) |
| 19:31 | Create | Battering Ram |
| 19:35 | Create | Villager (Male) |
| 19:40 | Create | Knight |
| 20:06 | Build | Town Center |
| 20:09 | Create | Villager (Male) |
| 20:28 | Build | Mining Camp |
| 20:31 | Create | Villager (Male) |
| 20:31 | Create | Villager (Male) |
| 20:40 | Create | Knight |
| 20:59 | Create | Villager (Male) |
| 21:40 | Create | Knight |
| 21:41 | Create | Knight |
| 21:41 | Create | Knight |
| 21:43 | Create | Battering Ram |
| 21:59 | Research | Husbandry |
| 22:02 | Create | Battering Ram |
| 22:05 | Create | Villager (Male) |
| 22:05 | Create | Villager (Male) |
| 22:05 | Create | Villager (Male) |
| 22:07 | Create | Villager (Male) |
| 22:10 | Create | Villager (Male) |
| 22:11 | Create | Villager (Male) |
| 22:11 | Create | Villager (Male) |
| 22:12 | Create | Villager (Male) |
| 22:35 | Build | House |
| 22:36 | Build | House |
| 22:39 | Build | House |
| 22:40 | Build | House |
| 22:41 | Build | House |
| 22:42 | Build | House |
| 22:59 | Create | Scorpion |
| 23:02 | Create | Mangonel |
| 23:17 | Create | Villager (Male) |
| 23:22 | Create | Villager (Male) |
| 23:23 | Create | Villager (Male) |
| 23:28 | Create | Knight |
| 23:49 | Create | Knight |
| 24:00 | Build | Blacksmith |
| 24:07 | Create | Knight |
| 24:14 | Build | Stable |
| 24:23 | Create | Villager (Male) |
| 24:24 | Create | Villager (Male) |
| 24:27 | Create | Villager (Male) |
| 24:28 | Create | Villager (Male) |
| 24:28 | Create | Villager (Male) |
| 25:46 | Create | Knight |
| 25:47 | Create | Knight |
| 25:59 | Create | Knight |
| 25:59 | Create | Knight |
| 26:00 | Create | Knight |
| 26:00 | Create | Knight |
| 26:06 | Build | Mill |
| 26:15 | Create | Villager (Male) |
| 26:25 | Build | Farm |
| 26:25 | Build | Farm |
| 26:25 | Build | Farm |
| 26:27 | Build | Farm |
| 26:31 | Build | Farm |
| 26:33 | Build | Farm |
| 26:34 | Build | Farm |
| 26:35 | Build | Farm |
Build order — 1453sultan
First 150 of 219 actions detected
| 0:01 | Create | Villager (Male) |
| 0:03 | Build | House |
| 0:04 | Build | House |
| 0:16 | Create | Villager (Male) |
| 0:16 | Create | Villager (Male) |
| 0:16 | Create | Villager (Male) |
| 0:16 | Create | Villager (Male) |
| 1:25 | Create | Villager (Male) |
| 1:50 | Build | Lumber Camp |
| 1:52 | Create | Villager (Male) |
| 2:21 | Create | Villager (Male) |
| 2:44 | Create | Villager (Male) |
| 3:08 | Create | Villager (Male) |
| 3:27 | Build | House |
| 3:32 | Build | House |
| 3:36 | Create | Villager (Male) |
| 3:44 | Create | Villager (Male) |
| 4:27 | Create | Villager (Male) |
| 4:33 | Create | Villager (Male) |
| 4:45 | Build | Mining Camp |
| 4:58 | Create | Villager (Male) |
| 5:05 | Create | Villager (Male) |
| 6:07 | Create | Villager (Male) |
| 6:25 | Create | Villager (Male) |
| 6:43 | Create | Villager (Male) |
| 6:45 | Create | Villager (Male) |
| 6:47 | Create | Villager (Male) |
| 6:49 | Create | Villager (Male) |
| 6:56 | Build | Mining Camp |
| 8:07 | Build | Mill |
| 8:45 | Research | Loom |
| 8:55 | Research | Feudal Age |
| 9:50 | Create | Villager (Male) |
| 10:23 | Build | House |
| 10:24 | Build | House |
| 11:21 | Age | Feudal Age |
| 11:31 | Create | Villager (Male) |
| 11:36 | Build | Market |
| 11:45 | Build | Blacksmith |
| 11:57 | Create | Villager (Male) |
| 12:42 | Research | Castle Age |
| 13:32 | Build | Mill |
| 15:22 | Age | Castle Age |
| 15:34 | Create | Villager (Male) |
| 15:57 | Build | Castle |
| 16:07 | Build | Siege Workshop |
| 16:24 | Create | Villager (Male) |
| 16:26 | Create | Villager (Male) |
| 16:46 | Build | House |
| 16:48 | Build | House |
| 17:06 | Build | Stone Wall |
| 17:29 | Build | Mining Camp |
| 17:32 | Create | Mangonel |
| 17:46 | Research | Fletching |
| 17:56 | Build | Town Center |
| 17:59 | Build | Farm |
| 18:00 | Build | Farm |
| 18:00 | Build | Farm |
| 18:01 | Build | Farm |
| 18:02 | Build | Farm |
| 18:03 | Build | Farm |
| 18:32 | Create | Mangonel |
| 19:01 | Create | Battering Ram |
| 19:09 | Build | Farm |
| 19:28 | Create | Battering Ram |
| 19:39 | Create | Villager (Male) |
| 19:39 | Create | Villager (Male) |
| 20:08 | Create | Battering Ram |
| 20:10 | Create | Villager (Male) |
| 20:25 | Create | Battering Ram |
| 20:26 | Create | Villager (Male) |
| 20:59 | Create | Teutonic Knight |
| 21:14 | Create | Battering Ram |
| 21:33 | Create | Battering Ram |
| 21:54 | Create | Teutonic Knight |
| 22:31 | Create | Teutonic Knight |
| 22:36 | Create | Battering Ram |
| 22:37 | Create | Villager (Male) |
| 23:41 | Create | Teutonic Knight |
| 23:41 | Create | Teutonic Knight |
| 23:43 | Create | Villager (Male) |
| 23:43 | Create | Villager (Male) |
| 24:28 | Create | Teutonic Knight |
| 24:28 | Create | Teutonic Knight |
| 25:19 | Create | Teutonic Knight |
| 25:52 | Create | Villager (Male) |
| 25:53 | Create | Villager (Male) |
| 26:04 | Create | Battering Ram |
| 26:04 | Create | Battering Ram |
| 26:13 | Build | Farm |
| 26:14 | Build | Farm |
| 26:15 | Build | Farm |
| 26:15 | Build | Farm |
| 26:16 | Build | Farm |
| 26:17 | Build | Farm |
| 26:18 | Build | Farm |
| 26:19 | Build | Farm |
| 26:24 | Build | Farm |
| 26:25 | Build | Farm |
| 26:26 | Build | Farm |
| 26:27 | Build | Farm |
| 26:28 | Build | Farm |
| 26:29 | Build | Farm |
| 26:30 | Build | Farm |
| 26:31 | Build | Farm |
| 26:32 | Build | Farm |
| 26:43 | Create | Teutonic Knight |
| 26:44 | Create | Teutonic Knight |
| 27:14 | Create | Villager (Male) |
| 27:14 | Create | Villager (Male) |
| 27:14 | Create | Villager (Male) |
| 27:20 | Build | Farm |
| 27:33 | Create | Villager (Male) |
| 27:33 | Create | Villager (Male) |
| 27:47 | Create | Villager (Male) |
| 27:47 | Create | Villager (Male) |
| 27:59 | Create | Battering Ram |
| 28:02 | Create | Teutonic Knight |
| 29:12 | Create | Villager (Male) |
| 29:12 | Create | Villager (Male) |
| 29:12 | Create | Villager (Male) |
| 29:13 | Create | Villager (Male) |
| 29:13 | Create | Villager (Male) |
| 29:14 | Create | Villager (Male) |
| 30:02 | Build | Lumber Camp |
| 30:15 | Build | Castle |
| 30:21 | Build | Farm |
| 30:32 | Research | Imperial Age |
| 30:42 | Build | House |
| 30:43 | Build | House |
| 30:44 | Create | Villager (Male) |
| 30:44 | Create | Villager (Male) |
| 31:31 | Create | Villager (Male) |
| 31:31 | Create | Villager (Male) |
| 31:32 | Build | Lumber Camp |
| 32:06 | Build | House |
| 32:07 | Build | House |
| 32:07 | Build | House |
| 32:09 | Create | Villager (Male) |
| 32:09 | Create | Villager (Male) |
| 32:10 | Create | Villager (Male) |
| 32:13 | Research | Padded Archer Armor |
| 32:13 | Research | Bodkin Arrow |
| 32:34 | Create | Mangonel |
| 32:38 | Create | Villager (Male) |
| 32:38 | Create | Villager (Male) |
| 33:24 | Create | Villager (Male) |
| 33:25 | Create | Villager (Male) |
| 33:27 | Create | Villager (Male) |
| 33:38 | Build | House |
Match timeline
| 9:52 | Nerdyx · age_up feudal |
| 10:02 | carc90 · first_building Barracks |
| 10:35 | carc90 · age_up feudal |
| 11:09 | gdanelutti87 · age_up feudal |
| 11:21 | 1453sultan · age_up feudal |
| 13:52 | Nerdyx · first_building Barracks |
| 14:34 | carc90 · first_building Stable |
| 15:15 | gdanelutti87 · first_building Stable |
| 15:22 | 1453sultan · age_up castle |
| 15:38 | Nerdyx · age_up castle |
| 15:57 | 1453sultan · first_building Castle |
| 16:07 | 1453sultan · first_building Siege Workshop |
| 17:06 | 1453sultan · wall_segment Stone Wall x1 |
| 17:28 | Nerdyx · first_building Castle |
| 17:34 | gdanelutti87 · age_up castle |
| 17:39 | gdanelutti87 · first_building Siege Workshop |
| 18:07 | gdanelutti87 · first_market_sell 100 food |
| 18:09 | gdanelutti87 · first_market_buy 100 wood |
| 18:15 | carc90 · age_up castle |
| 18:23 | carc90 · first_building Monastery |
| 19:14 | 1453sultan · first_market_sell 100 stone |
| 19:16 | 1453sultan · first_market_buy 100 wood |
| 19:46 | Nerdyx · first_building Monastery |
| 20:47 | Nerdyx · first_market_buy 100 wood |
| 23:31 | Nerdyx · first_building Siege Workshop |
| 27:08 | Nerdyx · wall_segment Palisade Wall x1 |
| 28:19 | gdanelutti87 · first_building Barracks |
| 32:15 | carc90 · first_building Archery Range |
| 33:42 | 1453sultan · age_up imperial |
| 34:14 | carc90 · first_building Siege Workshop |
| 34:40 | 1453sultan · first_building Barracks |
| 34:44 | carc90 · first_market_sell 100 food |
| 35:05 | 1453sultan · wall_segment Stone Wall x4 |
| 35:53 | 1453sultan · first_building Archery Range |
| 36:11 | Nerdyx · wall_segment Stone Wall x4 |
| 36:18 | Nerdyx · wall_segment Stone Wall x1 |
| 36:18 | Nerdyx · wall_segment Stone Wall x1 |
| 36:19 | Nerdyx · wall_segment Stone Wall x1 |
| 37:48 | Nerdyx · wall_segment Stone Wall x1 |
| 37:51 | gdanelutti87 · age_up imperial |
| 37:58 | carc90 · first_building Castle |
| 38:06 | carc90 · age_up imperial |
| 39:04 | Nerdyx · age_up imperial |
| 40:48 | gdanelutti87 · resign |
[ AI ANALYSIS · 1 CREDIT ]
What really happened in this match?
Wolo.gg analyzes every decision: build order, eco, micro, common mistakes by bracket. Personalized analysis on WhatsApp or Discord in 30 seconds.
Civ guide
Mapuche
Map guide
Arena
Perfil
Nerdyx